 Dungeon Crawl Stone Soup version 0.28.0 (webtiles) character file.

Game seed: 3185414977623091775

41 BorgnjorsVileCrotch the Chopper (level 3, 28/33 HPs)
             Began as a Deep Dwarf Fighter on Feb 12, 2022.
             Was an Initiate of Ashenzari.
             Quit the game on level 2 of the Dungeon.
             The game lasted 00:00:59 (187 turns).

BorgnjorsVileCrotch the Chopper (Deep Dwarf Fighter) Turns: 187, Time: 00:01:00

Health: 28/33      AC:  6    Str: 21    XL:     3   Next: 32%
Magic:  3/3        EV:  9    Int:  8    God:    Ashenzari [......]
Gold:   5          SH:  4    Dex: 12    Spells: 2/2 levels left

rFire   . . .      SeeInvis .   a - +0 war axe
rCold   . . .      Faith    .   c - +0 buckler
rNeg    . . .      Spirit   .   b - +0 scale mail
rPois   .          Reflect  .   (no helmet)
rElec   .          Harm     .   (no cloak)
rCorr   .          Rampage  .   (no gloves)
Will    .....                   (no boots)
Stlth   ..........              (no amulet)
HPRegen 0.00/turn               (no ring)
MPRegen 0.08/turn               (no ring)

@: no status effects
A: damage resistance, heal wounds, sense surroundings 1, no regeneration
a: Heal Wounds, Renounce Religion


You were on level 2 of the Dungeon.
You worshipped Ashenzari.
Ashenzari was noncommittal.
You visited 1 branch of the dungeon, and saw 2 of its levels.

You collected 5 gold pieces.

Inventory:

Hand Weapons
 a - a +0 war axe (weapon)
Armour
 b - a +0 scale mail (worn)
 c - a +0 buckler (worn)
Scrolls
 e - 2 scrolls of holy word {unknown}
Potions
 d - a potion of might {@q3 !q}
 f - a potion of berserk rage {unknown}
 g - a potion of flight {unknown}


   Skills:
 - Level 2.6 Fighting
 + Level 4.2 Axes
 - Level 3.2 Armour
 - Level 3.2 Shields


You had 2 spell levels left.
You didn't know any spells.
Your spell library contained the following spells:

 Spells                   Type           Power      Damage    Failure   Level
 Animate Skeleton         Necr           0%         N/A       83%         1
 Apportation              Tloc           0%         N/A       83%         1
 Summon Small Mammal      Summ           0%         N/A       83%         1


Dungeon Overview and Level Annotations

Branches:
Dungeon (2/15)

Altars:
Ashenzari

Shops:
D:2 [


Innate Abilities, Weirdness & Mutations

You are resistant to damage.
You can heal yourself by infusing magical energy.
You passively map a small area around you.
You do not regenerate.


Message History

You closely miss Ijyb.
Ijyb is moderately wounded.
Ijyb hits you with a +0 club. x2
You closely miss Ijyb.
Ijyb is moderately wounded.
Ijyb hits you with a +0 club.
You closely miss Ijyb.
Ijyb is moderately wounded.
You block Ijyb's attack.
You feel much better. Ijyb closely misses you.
You closely miss Ijyb.
Ijyb is moderately wounded.
Ijyb hits you with a +0 club.
Ijyb zaps a wand.
You resist with some effort.
You miss Ijyb.
Ijyb is moderately wounded.
Ijyb screams, "It's all mine!"
Ijyb hits you but does no damage.
You closely miss Ijyb.
Ijyb is moderately wounded.
You block Ijyb's attack. Ijyb hits you with a +0 club.
You hit Ijyb.
Ijyb is heavily wounded.
Ijyb zaps a wand.
You suddenly lose the ability to move!
Ijyb hits you with a +0 club. x2
You can move again.
You closely miss Ijyb.
Ijyb is heavily wounded.
Ijyb zaps a wand.
You shrug off the repeated paralysis!
The now-empty wand crumbles to dust.
You barely miss Ijyb.
Ijyb is heavily wounded.
Ijyb hits you but does no damage. x2
You hit Ijyb but do no damage.
Ijyb is heavily wounded.
Ijyb hits you with a +0 club.
You closely miss Ijyb.
Ijyb is heavily wounded.
Ijyb barely misses you. Ijyb hits you with a +0 club.
You hit Ijyb.
Ijyb is heavily wounded.
Ijyb hits you with a +0 club.
You hit Ijyb.
Ijyb is severely wounded.
Ijyb barely misses you.
You hit Ijyb.
Ijyb is almost dead.
You block Ijyb's attack. Ijyb barely misses you.
You hit Ijyb.
Ijyb is almost dead.
Ijyb hits you with a +0 club.
* * * LOW HITPOINT WARNING * * *
You hit Ijyb but do no damage.
Ijyb is almost dead.
Ijyb hits you but does no damage.
You feel much better. You block Ijyb's attack.
You miss Ijyb.
Ijyb is almost dead.
Ijyb barely misses you. Ijyb screams, "I no like you!" Ijyb barely misses you.
You closely miss Ijyb.
Ijyb is almost dead.
Ijyb closely misses you.
You hit Ijyb.
You kill Ijyb!
Your life force feels restored.
Your Axes skill increases to level 4!
You have reached level 3!
Your experience leads to an increase in your attributes!
Increase (s)trength, (i)ntelligence, or (d)exterity?
You feel stronger. x2
Found a book of Cantrips and a green potion.
Items here: ( )))).
Items here: ))) [ ††.
You see here a +0 dagger of draining.
Items here: ))) [ ††.
Items here: ( )))).
You pick up a book of Cantrips and begin reading...
You add the spells Animate Skeleton, Summon Small Mammal and Apportation to your library.
f - a green potion
Found a stone staircase leading up.
g - a fuming blue potion A goblin comes into view.
It is wielding a +0 club.
The goblin shouts!
A hobgoblin comes into view.
The hobgoblin shouts!
Found a faded altar of an unknown god.
The goblin barely misses you.
You barely miss the goblin. The goblin hits you but does no damage.
The goblin completely misses you.
You slash the goblin!
You kill the goblin!
You slash the hobgoblin!
You kill the hobgoblin!
You see here a +0 club.
There is a faded altar of an unknown god here.
You cannot tell which god this altar belongs to.
Convert to them anyway?
Ashenzari accepts your prayer! Ashenzari welcomes you!
Ashenzari warns you of distant threats and treasures.
Ashenzari reveals the structure of the dungeon to you.
Ashenzari shows you where magical portals lie.
Are you sure you want to abandon this character and quit the game? (Confirm with "yes".)

#.............
#.............
###.<.........#
#......†.....##.
#######...........
#######...####.......# ,
#..##.......##.......#
#.......8...8#.......#,#
#...8..@...._#.......#.#
#.....).8...8#..........
#..##.†.....####.#......
#...###...### #..†.....
######.############........
#.........##...............
#.........##.#####.........
#.........#########........
#.........8.8.8.8.#........


There were no monsters in sight!

Vanquished Creatures
  Ijyb (D:2)
  A dart slug (D:2)
  7 goblins (D:2)
  A hobgoblin (D:2)
  3 ball pythons (D:2)
13 creatures vanquished.

Notes
Turn   | Place    | Note
-------+----------+-------------------------------------------
     0 | D:1      | BorgnjorsVileCrotch the Deep Dwarf Fighter began the quest
                  | for the Orb.
     0 | D:1      | Reached XP level 1. HP: 20/20 MP: 1/1
    83 | D:2      | Found Wampeeh's Armour Shop.
    95 | D:2      | Noticed Ijyb
   100 | D:2      | Reached skill level 3 in Axes
   100 | D:2      | Reached XP level 2. HP: 22/27 MP: 2/2
   117 | D:2      | Paralysed by Ijyb for 3 turns
   132 | D:2      | Killed Ijyb
   133 | D:2      | Reached skill level 4 in Axes
   133 | D:2      | Reached XP level 3. HP: 28/33 MP: 3/3
   171 | D:2      | Found a faded altar of an unknown god.
   181 | D:2      | Prayed at the altar of an unknown god.
   181 | D:2      | Became a worshipper of Ashenzari the Shackled
   187 | D:2      | Quit the game

Illustrated notes

Levels and vault maps discovered:
D:1:      dpeg_arrival_renting, layout_loops_cross, minmay_misc_feat_rugged,
          minmay_tree_intersection
D:2:      kennysheep_the_goblin_king, layout_rooms, basic_altar,
          hellmonk_ecumenical_altar_prayer_group, serial_shops,
          nicolae_shop_behind_doors

Skill      XL: |  1  2 |
---------------+-------+-----
Axes           | 3 4 |  4.2
Fighting       | |  2.6
Armour         | |  3.2
Shields        | |  3.2

Action                   || total
-------------------------++-------
Melee: War axe           ||    51
 Abil: Heal Wounds       ||     2
Armor: Scale mail        ||    26
Dodge: Dodged            ||    20
Block: Buckler           ||    11
